 Dungeon Crawl Stone Soup version 0.29-a0-119-g4040846114 (webtiles) character file.

Game seed: 5623286598145601021

14 cyrus the Skirmisher (level 2, -1/24 HPs)
             Began as a Merfolk Fighter on Feb 20, 2022.
             Slain by a hobgoblin (4 damage)
             ... on level 1 of the Dungeon.
             The game lasted 00:00:53 (652 turns).

cyrus the Skirmisher (Merfolk Fighter)               Turns: 652, Time: 00:00:54

Health: -1/24      AC:  6    Str: 16    XL:     2   Next: 45%
Magic:  2/2        EV:  8    Int:  7    God:
Gold:   0          SH:  4    Dex: 13    Spells: 1/1 levels left

rFire   . . .      SeeInvis .   a - +0 trident
rCold   . . .      Faith    .   c - +0 buckler
rNeg    . . .      Spirit   .   b - +0 scale mail
rPois   .          Reflect  .   (no helmet)
rElec   .          Harm     .   (no cloak)
rCorr   .          Rampage  .   (no gloves)
Will    .....                   (no boots)
Stlth   ..........              (no amulet)
HPRegen 0.08/turn               (no ring)
MPRegen 0.08/turn               (no ring)

@: mighty
A: (nimble swimmer 2), mertail
a: no special abilities


You were on level 1 of the Dungeon.
You visited 1 branch of the dungeon, and saw 1 of its levels.

Inventory:

Hand Weapons
 a - a +0 trident (weapon)
Armour
 b - a +0 scale mail (worn)
 c - a +0 buckler (worn)
Jewellery
 f - a ring of fire
Scrolls
 e - a scroll of identify {unknown}


   Skills:
 + Level 3.6 Fighting
 + Level 3.1 Polearms
 + Level 2.3 Armour
 + Level 3.2 Shields


You had one spell level left.
You didn't know any spells.
Your spell library was empty.

Dungeon Overview and Level Annotations

Branches:
Dungeon (1/15)

Altars:


Innate Abilities, Weirdness & Mutations

((You are very nimble when in or above water. (Stealth+, EV+, Speed+++)))
Your lower body shifts to a powerful aquatic tail in water.


Message History

The quokka bites you but does no damage.
The rat barely misses you.
You closely miss the goblin.
The goblin is heavily wounded.
The goblin closely misses you. The quokka barely misses you.
The rat bites you but does no damage.
You barely miss the goblin.
The goblin is heavily wounded.
The quokka twitches its whiskers.
You block the quokka's attack. The goblin hits you but does no damage.
The rat bites you but does no damage. The quokka bites you.
* * * LOW HITPOINT WARNING * * *
The goblin hits you but does no damage.
You puncture the goblin!
You kill the goblin!
The rat completely misses you.
The quokka bites you but does no damage.
You closely miss the quokka.
The quokka bites you but does no damage.
The rat bites you but does no damage. The quokka closely misses you.
The rat bites you but does no damage.
You puncture the rat!
You kill the rat!
The goblin barely misses you. The quokka bites you.
* * * LOW HITPOINT WARNING * * *
You closely miss the hobgoblin. You block the quokka's attack.
The goblin hits you but does no damage.
The hobgoblin hits you but does no damage.
You block the quokka's attack. The goblin hits you but does no damage.
Unknown command.
The quokka closely misses you. The quokka bites you.
* * * LOW HITPOINT WARNING * * *
The goblin hits you but does no damage. You block the hobgoblin's attack.
The hobgoblin barely misses you. You block the goblin's attack.
You block the quokka's attack. The goblin hits you but does no damage.
The hobgoblin hits you.
You die...

#.........#.##.....##
#.........##.##.....########
#..........##.##..>.........
#...........##.##...<.......
#......(...##.##..8.........
#.........##.##)....########
##.......†#.##.....##
##.....#..##.....##
#######.##.[g@.##. . ##
#.#...gr##. .. . #......##.
... ###### #.....##. ....
#... ####w##.##..# ###.# #
#.##....# ##...####
###...)##### ##.......[
#..........###.........
#..........##..........


You could see a dart slug, a quokka, a hobgoblin and a goblin.

Vanquished Creatures
  3 ball pythons (D:1)
  A bat (D:1)
  2 endoplasms (D:1)
  A goblin (D:1)
  2 hobgoblins (D:1)
  A kobold (D:1)
  2 rats (D:1)
12 creatures vanquished.

Notes
Turn   | Place    | Note
-------+----------+-------------------------------------------
     0 | D:1      | cyrus the Merfolk Fighter began the quest for the Orb.
     0 | D:1      | Reached XP level 1. HP: 18/18 MP: 1/1
   195 | D:1      | Reached XP level 2. HP: 24/24 MP: 2/2
   652 | D:1      | Slain by a hobgoblin

Illustrated notes

Levels and vault maps discovered:
D:1:      psy_arrival_spokes, layout_rooms,
          hellmonk_ecumenical_altar_pennies_from_heaven

Action                   || total
-------------------------++-------
Melee: Trident           ||    42
  Use: Potion            ||     1
Armor: Scale mail        ||    43
Dodge: Dodged            ||    19
Block: Buckler           ||    22

Table legend: (Time is in decaauts)
 A = Elapsed time spent in this place.
 B = Non-inter-level travel time spent in this place.
 C = Inter-level travel time spent in this place.
 D = Time resting spent in this place.
 E = Time spent auto-exploring this place.
 F = Levels seen in this place.
 G = Mean time per level.
                   A        B        C        D        E       F      G
               +--------+--------+--------+--------+--------+-----+--------+
         Total |    660 |    660 |      0 |    374 |    159 |   1 |  660.0 |
       Dungeon |    660 |    660 |      0 |    374 |    159 |   1 |  660.0 |
               +--------+--------+--------+--------+--------+-----+--------+

Top non-repeatable levels by time:
     D:1: 660 daAuts
